 Dungeon Crawl Stone Soup version 0.26.1-2-gb8aa6d0cf2 (webtiles) character file.

Game seed: 8787346780523941985

7515 TheAlmogaver the Thaumaturge (level 11, 0/81 HPs)
             Began as a Gnoll Hedge Wizard on Feb 24, 2021.
             Was an Elder of Kikubaaqudgha.
             Slain by a yak (12 damage)
             ... on level 10 of the Dungeon on Mar 30, 2021.
             The game lasted 01:10:51 (16266 turns).

TheAlmogaver the Thaumaturge (Gnoll Hedge Wizard)  Turns: 16266, Time: 01:10:52

Health: 0/81       AC: 10    Str: 19    XL:     11   Next: 16%
Magic:  0/24       EV: 17    Int: 26    God:    Kikubaaqudgha [****..]
Gold:   910        SH:  0    Dex: 14    Spells: 16/28 levels left

rFire    . . .     SeeInvis .   E - +6 dagger of Annihilation {protect, +Fly Will+++ Str+6}
rCold    . . .     Faith    .   (no shield)
rNeg     . . .     Spirit   +   a - +0 robe (curse)
rPois    .         Reflect  .   k - +2 helmet
rElec    .         Harm     .   (no cloak)
rCorr    .         Rampage  .   y - +1 pair of gloves
Will     +++..                  s - +1 pair of boots
Stlth    ++++......             o - amulet of guardian spirit
HPRegen  0.23/turn              e - +6 ring of intelligence
MPRegen  0.19/turn              (no ring)

@: no status effects
A: distributed training, fangs 1, strong nose
a: Renounce Religion, Evoke Flight, Receive Corpses


You were on level 10 of the Dungeon.
You worshipped Kikubaaqudgha.
Kikubaaqudgha was greatly pleased with you.
You visited 2 branches of the dungeon, and saw 12 of its levels.
You also visited: Bailey.

You collected 1293 gold pieces.
You spent 383 gold pieces at shops.

Inventory:

Hand Weapons
 c - the +5 falchion "Soseohie" {freeze, *Rage rN++ Dex+5}
   (You found it on level 7 of the Dungeon)

   It has been specially enchanted to freeze those struck by it, causing extra
   injury to most foes and up to half again as much damage against particularly
   susceptible opponents.
   It can also slow down cold-blooded creatures.
   It affects your dexterity (+5).
   It greatly protects you from negative energy.
   It may make you go berserk in combat.
 C - a +0 broad axe
 E - the +6 dagger of Annihilation (weapon) {protect, +Fly Will+++ Str+6}
   (You found it on level 10 of the Dungeon)

   It grants its wielder temporary protection when it strikes (+7 to AC).
   It affects your strength (+6).
   It affects your willpower, your defense against some magical effects.
   It lets you fly.
Armour
 a - a cursed +0 robe (worn)
 b - a +0 robe
 k - a +2 helmet (worn)
 s - a +1 pair of boots (worn)
 y - a +1 pair of gloves (worn)
Jewellery
 e - a +6 ring of intelligence (left hand)
 o - an amulet of guardian spirit (around neck)
 p - an uncursed amulet of the acrobat
Wands
 g - a wand of flame (11)
 l - a wand of digging (3)
 r - a wand of polymorph (12)
 B - a wand of enslavement (7)
Scrolls
 h - 2 scrolls of blinking
 i - 7 scrolls of remove curse
 j - 2 scrolls of enchant weapon
 m - 4 scrolls of teleportation
 w - 5 scrolls of magic mapping
 x - 4 scrolls of amnesia
 D - a scroll of identify
Potions
 d - a potion of invisibility
 f - 5 potions of flight
 n - 2 potions of brilliance {unknown}
 q - 3 potions of lignification {unknown}
 t - 5 potions of heal wounds
 u - a potion of might
 v - a potion of cancellation {unknown}
 z - a potion of ambrosia {unknown}
 A - 7 potions of curing


   Skills:
 + Level 6.0 Fighting
 + Level 6.0 Short Blades
 + Level 6.0 Long Blades
 + Level 6.0 Axes
 + Level 6.0 Maces & Flails
 + Level 6.0 Polearms
 + Level 6.0 Staves
 + Level 6.0 Slings
 + Level 6.0 Bows
 + Level 6.0 Crossbows
 + Level 6.0 Throwing
 + Level 6.0 Armour
 + Level 7.6 Dodging
 + Level 7.4 Stealth
 + Level 6.0 Shields
 + Level 6.0 Unarmed Combat
 + Level 9.4 Spellcasting
 + Level 5.5 Conjurations
 + Level 5.0 Hexes
 + Level 5.5 Summonings
 + Level 5.0 Necromancy
 + Level 5.5 Translocations
 + Level 5.0 Transmutations
 + Level 5.0 Fire Magic
 + Level 5.0 Ice Magic
 + Level 5.0 Air Magic
 + Level 5.0 Earth Magic
 + Level 5.0 Poison Magic
 + Level 6.6 Invocations
 + Level 6.0 Evocations


You had 16 spell levels left.
You knew the following spells:

 Your Spells              Type           Power        Failure   Level
a - Magic Dart            Conj           100%         1%          1
b - Blink                 Tloc           N/A          1%          2
c - Call Imp              Summ           40%          1%          2
d - Mephitic Cloud        Conj/Pois/Air  39%          1%          3
e - Animate Skeleton      Necr           76%          1%          1
f - Vampiric Draining     Necr           19%          1%          3

Your spell library contained the following spells:

 Spells                   Type           Power        Failure   Level
 Pain                     Necr           100%         1%          1
 Slow                     Hex            38%          1%          2
 Conjure Flame            Conj/Fire      39%          1%          3
 Animate Dead             Necr           19%          6%          4
 Dispel Undead            Necr           38%          6%          4
 Agony                    Necr           38%          17%         5
 Excruciating Wounds      Necr           19%          17%         5
 Death Channel            Necr           19%          67%         6


Dungeon Overview and Level Annotations

Branches:
Dungeon (11/15)            Temple (1/1) D:6             Orc (0/2) D:9
 Bailey (visited)
   Lair: D:8-11

Altars:
Ashenzari
Cheibriados
Dithmenos
Elyvilon
Fedhas
Gozag
Hepliaklqana
Kikubaaqudgha
Makhleb
Nemelex Xobeh
Okawaru
Qazlal
Ru
Sif Muna
Trog
Uskayaw
Vehumet
Wu Jian
Xom
Yredelemnul
Zin
The Shining One

Shops:
D:7 *   D:8 !

Annotations:
D:5 Blork the orc


Innate Abilities, Weirdness & Mutations

Your experience applies equally to all skills.
You have very sharp teeth.
Your uncanny sense of smell can sniff out nearby items.


Message History

The seven-headed hydra roars!
The seven-headed hydra bites you!
* * * LOW HITPOINT WARNING * * *
The seven-headed hydra bites you.
* * * LOW HITPOINT WARNING * * *
The seven-headed hydra barely misses you.
The seven-headed hydra bites you but does no damage.
The seven-headed hydra misses you.
The seven-headed hydra barely misses you.
The seven-headed hydra closely misses you.
Casting: Blink (safe; 1% risk of failure)
Confirm with . or Enter, or press ? or * to list all spells.
You don't have enough magic to cast that spell.
Blink to where?
Press: ? - help, Dir - move target, p - green ugly thing
As you read the scroll of blinking, it crumbles to dust.
The yak bellows!
The yak gores you!
You die...
Kikubaaqudgha rasps: "You have failed me!
Welcome... death!"

###..........##....####
#...
##...........###..###
#### ...####....###
##.# #### # ..## ##..##
#.# ##..# # ### #..#
#.# #..## ## #..# #.#
##..# ##. #..# ##.#
##.>.####.. #..# #..##
##....##...# #..#
#@..###.......[.##
##..#
#.Y.............##
##...#
#.................
###....#
##......#####.....
#....### #......#
###..[ #..### #...).##
#... #.## ##.##.## #.##
#.# ##.###.# #.# #.#
#.## #.## #.#


You could see a yak.

Vanquished Creatures
  Gastronok (D:9)
  Erolcha (D:9)
  Harold (D:9)
  An orc knight (Bailey)
  A meliai (D:11)
  2 wyverns
  A yak (D:11)
  Grum (D:10)
  A warg (D:9)
  A soldier ant (D:10)
  Edmund (D:5)
  An ice beast (D:7)
  6 orc warriors
  A phantom (D:5)
  A sky beast (D:6)
  A black bear (D:10)
  6 centaurs
  3 ogres
  4 wolves (D:10)
  6 bullfrogs
  A scorpion (D:2)
  4 killer bees (D:9)
  4 wights (D:8)
  A quasit (D:6)
  A bullfrog zombie (D:7)
  3 hounds
  5 orc priests
  A jelly (D:9)
  3 orc wizards
  A bullfrog skeleton (D:10)
  2 worker ants
  7 adders
  9 gnolls
  A shadow imp (D:6)
  4 white imps
  2 ufetubi
  An adder zombie (D:8)
  A worm (D:5)
  2 dart slugs (D:1)
  7 leopard geckos
  23 orcs
  6 giant cockroaches
  14 goblins
  8 hobgoblins
  6 jackals
  3 quokkas
  8 bats
  5 frilled lizards
  22 kobolds
  6 rats
202 creatures vanquished.

Vanquished Creatures (collateral kills)
  2 orc warriors
  An ice beast (D:4)
  2 ogres
  2 wolves (D:10)
  A bullfrog (D:8)
  A howler monkey (D:7)
  2 hounds
  3 orc priests
  2 orc wizards
  2 jellies
  A centaur skeleton (D:6)
  An iguana (D:5)
  2 worker ants
  Robin (D:2)
  4 adders
  A gnoll (D:4)
  2 oozes
  3 worms
  2 leopard geckos
  15 orcs
  A giant cockroach (D:7)
  5 goblins
  5 hobgoblins
  5 jackals
  A quokka (D:7)
  A ball python (D:6)
  A kobold (D:2)
69 creatures vanquished.

Vanquished Creatures (others)
  A yak (D:11)
  A gnoll (D:6)
  6 withered plants (D:3)
8 creatures vanquished.

Grand Total: 279 creatures vanquished

Notes
Turn   | Place    | Note
-------+----------+-------------------------------------------
     0 | D:1      | TheAlmogaver the Gnoll Hedge Wizard began the quest for the
                  | Orb.
     0 | D:1      | Reached XP level 1. HP: 13/13 MP: 8/8
   364 | D:1      | Reached XP level 2. HP: 20/20 MP: 5/10
  1274 | D:1      | Reached XP level 3. HP: 25/25 MP: 2/11
  1344 | D:1      | Learned a level 2 spell: Blink
  1347 | D:1      | Learned a level 2 spell: Call Imp
  2311 | D:1      | Reached skill level 1 in Invocations
  2569 | D:2      | Reached skill level 1 in Fighting
  2569 | D:2      | Reached skill level 1 in Short Blades
  2569 | D:2      | Reached skill level 1 in Long Blades
  2569 | D:2      | Reached skill level 1 in Axes
  2569 | D:2      | Reached skill level 1 in Maces & Flails
  2569 | D:2      | Reached skill level 1 in Polearms
  2569 | D:2      | Reached skill level 1 in Staves
  2569 | D:2      | Reached skill level 1 in Slings
  2569 | D:2      | Reached skill level 1 in Bows
  2569 | D:2      | Reached skill level 1 in Crossbows
  2569 | D:2      | Reached skill level 1 in Throwing
  2569 | D:2      | Reached skill level 1 in Armour
  2569 | D:2      | Reached skill level 1 in Shields
  2569 | D:2      | Reached skill level 1 in Unarmed Combat
  2569 | D:2      | Reached skill level 1 in Evocations
  2636 | D:2      | Reached XP level 4. HP: 32/32 MP: 10/13
  2662 | D:2      | Noticed Robin
  2679 | D:2      | Killed Robin
  2925 | D:2      | Reached skill level 1 in Hexes
  2925 | D:2      | Reached skill level 1 in Necromancy
  2925 | D:2      | Reached skill level 1 in Transmutations
  2925 | D:2      | Reached skill level 1 in Fire Magic
  2925 | D:2      | Reached skill level 1 in Ice Magic
  2925 | D:2      | Reached skill level 1 in Air Magic
  2925 | D:2      | Reached skill level 1 in Earth Magic
  2925 | D:2      | Reached skill level 1 in Poison Magic
  3675 | D:3      | Found an ancient bone altar of Kikubaaqudgha.
  4139 | D:3      | Reached XP level 5. HP: 37/37 MP: 12/14
  5339 | D:3      | Became a worshipper of Kikubaaqudgha
  5387 | D:4      | Reached XP level 6. HP: 44/44 MP: 5/16
  5391 | D:4      | Learned a level 3 spell: Mephitic Cloud
  5566 | D:4      | Noticed an ice beast
  5579 | D:4      | Killed an ice beast
  5903 | D:4      | Reached skill level 5 in Dodging
  6269 | D:5      | Entered Level 5 of the Dungeon
  6767 | D:5      | Reached XP level 7. HP: 50/50 MP: 12/18
  7027 | D:5      | Noticed Blork the orc
  7209 | D:5      | Noticed Edmund
  7457 | D:5      | Killed Edmund
  7765 | D:5      | Reached skill level 5 in Stealth
  8184 | D:5      | Reached * piety under Kikubaaqudgha
  8184 | D:5      | Identified Kikubaaqudgha's Papyrus of Dark Magic
                  | (Kikubaaqudgha gifted it to you on level 5 of the Dungeon)
  8184 | D:5      | Received a gift from Kikubaaqudgha
  8284 | D:6      | Reached XP level 8. HP: 48/57 MP: 8/19
  8638 | D:6      | Found a staircase to the Ecumenical Temple.
  8647 | Temple   | Entered the Ecumenical Temple
  9701 | D:7      | Found a flagged portal.
  9798 | Bailey   | Entered a bailey
  9963 | Bailey   | Noticed an orc knight
  9966 | Bailey   | Reached ** piety under Kikubaaqudgha
  9978 | Bailey   | Reached skill level 8 in Spellcasting
 10025 | Bailey   | Killed an orc knight
 10026 | Bailey   | Reached XP level 9. HP: 9/65 MP: 2/21
 11161 | D:7      | Got a dazzling chain mail
 11172 | D:7      | Identified the cursed +0 chain mail of Blue Birdsong
                  | {Dex+2} (You found it on level 7 of the Dungeon)
 11198 | D:7      | Got a steaming falchion
 11199 | D:7      | Identified the +5 falchion "Soseohie" {freeze, *Rage rN++
                  | Dex+5} (You found it on level 7 of the Dungeon)
 11391 | D:7      | Found Ucoj's Assorted Antiques.
 11399 | D:7      | Bought a scroll labelled GEWKIOKUBAT for 23 gold pieces
 11855 | D:8      | Found Licwiok's Distillery.
 11874 | D:8      | Bought 2 potions of heal wounds for 120 gold pieces
 11874 | D:8      | Bought a potion of heal wounds for 60 gold pieces
 11874 | D:8      | Bought a potion of heal wounds for 60 gold pieces
 12403 | D:8      | Reached *** piety under Kikubaaqudgha
 12403 | D:8      | Identified Kikubaaqudgha's Grimoire of Evil (Kikubaaqudgha
                  | gifted it to you on level 8 of the Dungeon)
 12403 | D:8      | Received a gift from Kikubaaqudgha
 12436 | D:8      | Reached skill level 5 in Invocations
 12737 | D:8      | Learned a level 1 spell: Animate Skeleton
 12741 | D:8      | Learned a level 3 spell: Vampiric Draining
 12922 | D:8      | Bought a potion of might for 48 gold pieces
 12922 | D:8      | Bought a potion of flight for 36 gold pieces
 12922 | D:8      | Bought a potion of curing for 36 gold pieces
 13647 | D:9      | Noticed Harold
 13910 | D:9      | Killed Harold
 13911 | D:9      | Reached skill level 5 in Fighting
 13911 | D:9      | Reached skill level 5 in Short Blades
 13911 | D:9      | Reached skill level 5 in Long Blades
 13911 | D:9      | Reached skill level 5 in Axes
 13911 | D:9      | Reached skill level 5 in Maces & Flails
 13911 | D:9      | Reached skill level 5 in Polearms
 13911 | D:9      | Reached skill level 5 in Staves
 13911 | D:9      | Reached skill level 5 in Slings
 13911 | D:9      | Reached skill level 5 in Bows
 13911 | D:9      | Reached skill level 5 in Crossbows
 13911 | D:9      | Reached skill level 5 in Throwing
 13911 | D:9      | Reached skill level 5 in Armour
 13911 | D:9      | Reached skill level 5 in Shields
 13911 | D:9      | Reached skill level 5 in Unarmed Combat
 13911 | D:9      | Reached skill level 5 in Evocations
 13911 | D:9      | Reached XP level 10. HP: 68/74 MP: 2/22
 14102 | D:9      | Found a staircase to the Orcish Mines.
 14131 | D:9      | Noticed Erolcha
 14168 | D:9      | Killed Erolcha
 14169 | D:9      | Reached skill level 9 in Spellcasting
 14447 | D:9      | Noticed Gastronok
 14464 | D:9      | Killed Gastronok
 14465 | D:9      | Reached skill level 5 in Conjurations
 14465 | D:9      | Reached skill level 5 in Summonings
 14465 | D:9      | Reached skill level 5 in Translocations
 14684 | D:10     | Entered Level 10 of the Dungeon
 14940 | D:10     | Noticed Grum
 14968 | D:10     | Killed Grum
 14972 | D:10     | Reached XP level 11. HP: 81/81 MP: 13/24
 15505 | D:10     | Got a translucent dagger
 15506 | D:10     | Identified the +6 dagger of Annihilation {protect, +Fly
                  | Will+++ Str+6} (You found it on level 10 of the Dungeon)
 15665 | D:11     | Reached **** piety under Kikubaaqudgha
 15673 | D:11     | Reached skill level 5 in Hexes
 15673 | D:11     | Reached skill level 5 in Necromancy
 15673 | D:11     | Reached skill level 5 in Transmutations
 15673 | D:11     | Reached skill level 5 in Fire Magic
 15673 | D:11     | Reached skill level 5 in Ice Magic
 15673 | D:11     | Reached skill level 5 in Air Magic
 15673 | D:11     | Reached skill level 5 in Earth Magic
 15673 | D:11     | Reached skill level 5 in Poison Magic
 15678 | D:11     | Noticed a cyclops
 15682 | D:11     | Noticed a seven-headed hydra
 16110 | D:11     | Noticed a green ugly thing
 16266 | D:10     | Slain by a yak

Illustrated notes

Levels and vault maps discovered:
D:1:      dpeg_arrival_water_fire, layout_basic
D:2:      layout_rooms, kennysheep_generic_room_14, uniq_robin
D:3:      layout_loops_ring, kiku_gazebo_garden_becter
D:4:      layout_rooms, kennysheep_generic_room_8
D:5:      layout_loops_cross, uniq_blork_the_orc, uniq_edmund
D:6:      layout_loops_cross, minmay_temple_entry_mini_moons, st_stairs_9
D:7:      layout_rooms, serial_glass, glass_columns_c, glass_columns_b,
          glass_columns_a, glass_columns_b, glass_columns_a, glass_columns_a,
          enter_bailey_3, serial_shops, shop
D:8:      layout_loops_cross, serial_shops, shop
D:9:      layout_roguey, david_orc_1_choice, uniq_gastronok, uniq_harold,
          uniq_erolcha
D:10:     layout_layer_cave, uniq_grum
D:11:     layout_layer_cave, erik_lair_island, minmay_radiant
Temple:   nicolae_temple_the_god_donut

Skill      XL: |  1  2  3  4  5  6  7  8  9 10 11 |
---------------+----------------------------------+-----
Conjurations   | 2 3 4 5 |  5.5
Summonings     | 2 3 4 5 |  5.5
Translocations | 2 3 4 5 |  5.5
Invocations    | 1 2 3 4 5 6 |  6.6
Fighting       | 1 2 3 5 6 |  6.0
Short Blades   | 1 2 3 5 6 |  6.0
Long Blades    | 1 2 3 5 6 |  6.0
Axes           | 1 2 3 5 6 |  6.0
Maces & Flails | 1 2 3 5 6 |  6.0
Polearms       | 1 2 3 5 6 |  6.0
Staves         | 1 2 3 5 6 |  6.0
Slings         | 1 2 3 5 6 |  6.0
Bows           | 1 2 3 5 6 |  6.0
Crossbows      | 1 2 3 5 6 |  6.0
Throwing       | 1 2 3 5 6 |  6.0
Armour         | 1 2 3 5 6 |  6.0
Shields        | 1 2 3 5 6 |  6.0
Unarmed Combat | 1 2 3 5 6 |  6.0
Evocations     | 1 2 3 5 6 |  6.0
Hexes          | 1 2 3 4 5 |  5.0
Necromancy     | 1 2 3 4 5 |  5.0
Transmutations | 1 2 3 4 5 |  5.0
Fire Magic     | 1 2 3 4 5 |  5.0
Ice Magic      | 1 2 3 4 5 |  5.0
Air Magic      | 1 2 3 4 5 |  5.0
Earth Magic    | 1 2 3 4 5 |  5.0
Poison Magic   | 1 2 3 4 5 |  5.0
Dodging        | 5 6 7 |  7.6
Stealth        | 5 6 7 |  7.4
Spellcasting   | 8 9 |  9.4

Action                   |  1- 3 |  4- 6 |  7- 9 | 10-12 || total
-------------------------+-------+-------+-------+-------++-------
Melee: Dagger            |     2 |    21 |    29 |    72 ||   124
       Bite              |       |       |    26 |    30 ||    56
       Broad axe         |       |       |    87 |       ||    87
       Falchion          |       |       |   118 |    83 ||   201
       Punch             |       |       |     3 |     7 ||    10
 Cast: Magic Dart        |    92 |    93 |    96 |     7 ||   288
       Call Imp          |     7 |    59 |    56 |    18 ||   140
       Blink             |     1 |     4 |     3 |     8 ||    16
       Mephitic Cloud    |       |     4 |    25 |    13 ||    42
       Vampiric Draining |       |       |     4 |     3 ||     7
Evoke: Wand              |       |     1 |     4 |     1 ||     6
  Use: Scroll            |       |       |    12 |     5 ||    17
       Potion            |       |       |       |     1 ||     1
 Stab: Confused          |       |       |    11 |     6 ||    17
       Distracted        |       |       |     1 |     4 ||     5
       Sleeping          |       |       |     6 |     5 ||    11
Armor: Robe              |     9 |    14 |    69 |    51 ||   143
       Skin              |       |    12 |     5 |       ||    17
Dodge: Dodged            |    36 |    21 |   241 |   159 ||   457
       Rpst.: Falchion   |       |       |    29 |    24 ||    53
